 Dungeon Crawl Stone Soup version 0.29-a0-1014-ga8c0faee3b (webtiles) character file.

Game seed: 10668934665735841674

25 BritishOli the Ducker (level 2, -8/23 HPs)
             Began as a Demonspawn Gladiator on Aug 9, 2022.
             Mangled by a worm (9 damage)
             ... on level 2 of the Dungeon.
             The game lasted 00:00:55 (1219 turns).

BritishOli the Ducker (Demonspawn Gladiator)        Turns: 1219, Time: 00:00:56

Health: -8/23      AC:  4    Str: 14    XL:     2   Next: 82%
Magic:  11/11      EV: 12    Int:  9    God:
Gold:   39         SH:  0    Dex: 14    Spells: 1/1 levels left

rFire   . . .      SeeInvis .   a - +0 long sword
rCold   . . .      Faith    .   (no shield)
rNeg    . . .      Spirit   .   b - +0 leather armour
rPois   .          Reflect  .   c - +0 helmet
rElec   .          Harm     .   (no cloak)
rCorr   +          Rampage  .   (no gloves)
Will    .....                   (no boots)
Stlth   +.........              (no amulet)
HPRegen 0.07/turn               f - ring of magical power
MPRegen 0.12/turn               m - ring of resist corrosion

@: no status effects
A: claws 1
a: no special abilities


You were on level 2 of the Dungeon.
You visited 1 branch of the dungeon, and saw 2 of its levels.

You collected 39 gold pieces.

Inventory:

Hand Weapons
 a - a +0 long sword (weapon)
Missiles
 d - 3 throwing nets (quivered)
 e - a javelin
Armour
 b - a +0 leather armour (worn)
 c - a +0 helmet (worn)
Jewellery
 f - a ring of magical power (left claw)
 m - a ring of resist corrosion (right claw)
Scrolls
 g - a scroll of identify {unknown}
 h - a scroll of brand weapon {unknown}
 j - a scroll of teleportation {unknown}
 k - a scroll of blinking {unknown}
Potions
 i - a potion of heal wounds {unknown}
 l - a potion of magic {unknown}


   Skills:
 + Level 2.3 Fighting
 + Level 3.0 Long Blades
 - Level 2.0 Throwing
 + Level 0.4 Armour
 + Level 3.0 Dodging


You had one spell level left.
You didn't know any spells.
Your spell library was empty.

Dungeon Overview and Level Annotations

Branches:
Dungeon (2/15)

Altars:

Shops:
D:2 (


Innate Abilities, Weirdness & Mutations

You have sharp fingernails.


Message History

An endoplasm is nearby!
You hit the endoplasm.
The endoplasm is heavily wounded.
The endoplasm hits you but does no damage.
An endoplasm is nearby!
You slash the endoplasm!
You kill the endoplasm!
Key pressed, stopping explore.
No target in view!
Key pressed, stopping explore.
No target in view!
Found Guimiw's Antique Weapon Emporium.
No target in view!
There is an entrance to Guimiw's Antique Weapon Emporium here.
A worm comes into view.
A worm is nearby!
A worm is nearby!
A worm is nearby!
You hit the worm but do no damage. The worm bites you.
You slash the worm!
The worm is moderately wounded.
The worm misses you.
You hit the worm.
The worm is severely wounded.
The worm bites you!
You are too injured to fight recklessly!
You are too injured to fight recklessly!
You are too injured to fight recklessly!
You are too injured to fight recklessly!
You are too injured to fight recklessly!
You hit the worm.
The worm is severely wounded.
You hit the worm.
The worm is severely wounded.
The worm bites you!
* * * LOW HITPOINT WARNING * * *
You barely miss the worm.
The worm is severely wounded.
The worm bites you!
You die...

#8........####
##...........#
#....######.#
###### #.# ####
#.# #..# #.# ..#
#.#### #w# #.....
#@# ##..## #.#
##########..##
#.###.............
#........∩........
#####.########..##
#.# #..## #.#
#..## #.# ...##
#.# ##.###


You could see a worm.

Vanquished Creatures
  A dart slug (D:1)
  5 endoplasms
  A giant cockroach (D:1)
  A goblin (D:1)
  2 hobgoblins
  5 kobolds (D:1)
  2 ball pythons (D:1)
  A bat (D:1)
  A frilled lizard (D:1)
  2 rats
21 creatures vanquished.

Notes
Turn   | Place    | Note
-------+----------+-------------------------------------------
     0 | D:1      | BritishOli the Demonspawn Gladiator began the quest for the
                  | Orb.
     0 | D:1      | Reached XP level 1. HP: 16/16 MP: 1/1
   450 | D:1      | Gained mutation: You have sharp fingernails. [demonic
                  | ancestry]
   450 | D:1      | Reached XP level 2. HP: 22/22 MP: 2/2
  1197 | D:2      | Found Guimiw's Antique Weapon Emporium.
  1218 | D:2      | HP: 1/23 [worm (10)]
  1219 | D:2      | Mangled by a worm

Illustrated notes

Levels and vault maps discovered:
D:1:      heliophobic_arrival_ceremonial_halls, layout_loops_cross,
          serial_forest, infiniplex_forest_clump_cross,
          infiniplex_forest_lined_corner, infiniplex_forest_clump_small,
          infiniplex_forest_zigzag_2, infiniplex_forest_clump_double,
          infiniplex_forest_straight_5, infiniplex_forest_straight_2,
          infiniplex_forest_straight_5
D:2:      layout_loops_ring, serial_shops, shop, shop, shop,
          nicolae_concentric_dashed_squares_mild,
          chequers_hall_statues_corner_a, uniq_natasha

Skill      XL: |  1  2 |
---------------+-------+-----
Throwing       | 2 |  2.0
Dodging        | 3 |  3.0
Long Blades    | 3 |  3.0
Fighting       | |  2.3
Armour         | |  0.4

Action                   || total
-------------------------++-------
Melee: Long sword        ||    57
Armor: Leather armour    ||    18
Dodge: Dodged            ||    36

Table legend: (Time is in decaauts)
 A = Elapsed time spent in this place.
 B = Non-inter-level travel time spent in this place.
 C = Inter-level travel time spent in this place.
 D = Time resting spent in this place.
 E = Time spent auto-exploring this place.
 F = Levels seen in this place.
 G = Mean time per level.
                   A        B        C        D        E       F      G
               +--------+--------+--------+--------+--------+-----+--------+
         Total |   1232 |   1205 |     27 |      0 |   1050 |   2 |  616.0 |
       Dungeon |   1232 |   1205 |     27 |      0 |   1050 |   2 |  616.0 |
               +--------+--------+--------+--------+--------+-----+--------+

Top non-repeatable levels by time:
     D:1: 1052 daAuts
     D:2: 179 daAuts
